AoeStats
← GordonFriman681

Black Forest

510016291Analyzed
3v3 RM · 3d ago on Sep 29, 2026· 24m 6s· 6 players
Game mode
Random Map
Map size
Normal (6 player)
Population
200
Speed
Normal
Resources
Standard
Victory
Conquest
Starting age
Dark Age
Ending age
Imperial Age
RankedLock teamsTeams togetherTeam positionsShared explorationLock speedFull tech treeHidden civsTurbo modeCheats
Victory
Defeat
🇦🇷 Cumans · Argentina
721
+13
🇦🇷 Celts · Argentina
702
+14
🇦🇷 Poles · Argentina
657
+16
🇨🇴 Franks · Colombia
693
-17
🇦🇷 Britons · Argentina
681
-15
🇲🇽 Khmer · Mexico
579
-11
PorQue
7:34 Loom
11:56 Feudal Age
12:54 Horse Collar
13:54 Wheelbarrow
13:19 Double-Bit Axe
20:23 Town Watch
21:01 Gold Mining
24:17 Castle Age
23:11 Arson
22:47 Man-at-Arms
ingeJOTHAS
0:27 Loom
18:04 Feudal Age
22:11 Double-Bit Axe
LordVanStark
3:52 Loom
13:04 Feudal Age
14:32 Wheelbarrow
14:08 Town Watch
19:43 Castle Age
19:16 Stone Mining
19:18 Gold Mining
19:17 Double-Bit Axe
daedra09220
12:07 Loom
14:33 Feudal Age
16:07 Double-Bit Axe
17:12 Horse Collar
24:54 Castle Age
23:50 Gold Mining
24:42 Bloodlines
PANXIDIESREY
2:05 Loom
14:15 Feudal Age
19:31 Castle Age
17:24 Double-Bit Axe
17:55 Horse Collar
20:16 Capped Ram
23:43 Wheelbarrow
GordonFriman681
0:44 Loom
13:24 Feudal Age
16:12 Horse Collar
17:02 Man-at-Arms
17:29 Arson
23:41 Castle Age
Connection lost

Rejoining the realm…

Still unreachable

The connection could not be restored.

Session expired

The server has moved on; the page needs a fresh start.